Unix NetHack Version 3.7.0-59 Work-in-progress - last build Jun 15 2022 12:00:05 (ba19de5de9b105df43ec81f7b8aaf5e01ff60ae8,branch:master). Game began 2022-06-21 18:50:39, ended 2022-06-21 19:11:10. pescepalla, lawful female human Knight --- ----------.-- ----- --...........| --...| -- -----..--..----..-----.... --- --- . ---.....------ |.....|....- ---.--- --.#-. |....---- |...-.|-... --- |.....| #### ---|....- |.....--- |.....--..-- --.------.....---#%.## # --..|-...---------#--[@...| --..........---...............|...###- #### |...|......>..........u)..| |.....--.....|...).).................--###* -......-%##-#-##---....-- -....-||........)..................).(####0 |.#....####-- ------ -.---..--.....%)....|..---............)# * |..#<.####..| .. |....%.........----- ---.|.---....-- --..#-|##...-- |. --.--.........-| ----- --...| --- --...---....--- -- -------.......| ------ |...-- ..| ---.......[..| |.......---- --..|.-- |-...---..| ----.......-- ---........---......---|.......- ---........| --....|..(..........|--......| |.........-- |..----............| -------- |..|..#..-- ---- |.....|...|.-- ------#..| --..--|..---- ###- ---- ---- Pescepalla the Esquire St:13 Dx:9 Co:12 In:8 Wi:16 Ch:18 Lawful Dlvl:5 $:53 HP:0(37) Pw:31(31) AC:2 Exp:4 T:2263 Burdened Latest messages: The gnome hits! You kill the gnome! You miss the newt. You miss the newt. The newt misses! You miss the newt. The newt misses! You kill the newt! You hit the gnome. You kill the gnome! J - a newt corpse. What do you want to eat? [ghjksxDJ or ?*] Blecch! Rotten food! You hit the gnome lord! The gnome lord wields a dagger! You hit the gnome lord! You miss the gnome lord. The gnome lord thrusts his dagger. The gnome lord hits! You kill the gnome lord! You hear crashing rock. You see here a gnome corpse. You hear an E flat squeak nearby. You hear crashing rock. # You dismount Rocinante. Your movements are slowed slightly because of your load. Rocinante misses the dwarf. Rocinante bites the dwarf. The dwarf swings her pick-axe at Rocinante. The dwarf hits Rocinante. Rocinante misses the dwarf. Rocinante bites the dwarf. The dwarf swings her pick-axe at Rocinante. The dwarf misses Rocinante. Rocinante hits the dwarf. Rocinante misses the dwarf. You see here an arrow. An arrow shoots out at you! You are hit by an arrow! Rocinante hits the dwarf. The dwarf is killed! # In what direction? You slip while trying to get on Rocinante. # In what direction? You slip while trying to get on Rocinante. You die... Do you want your possessions identified? [ynq] (y) Major events: Turn 1: pescepalla the lawful female human Knight entered the dungeon 1124: attained the rank of Esquire (level 3) 1949: entered the Gnomish Mines 2263: slipped while mounting a saddled horse called Rocinante Inventory: Coins $ - 53 gold pieces Weapons a - a +1 long sword (weapon in hand) b - a +1 lance (alternate weapon; not wielded) Armor d - an uncursed +0 helmet (being worn) f - an uncursed +0 pair of leather gloves (being worn) p - a blessed +0 pair of low boots (being worn) e - an uncursed +0 small shield (being worn) B - a blessed +0 dwarvish cloak (being worn) c - an uncursed +1 ring mail (being worn) Comestibles x - an uncursed avocado sandwich g - 11 uncursed apples h - 10 uncursed carrots k - 2 uncursed food rations s - an uncursed melon D - an uncursed pancake j - an uncursed lichen corpse Scrolls l - an uncursed scroll of enchant armor C - an uncursed scroll of identify y - an uncursed scroll of teleportation Spellbooks G - an uncursed spellbook of wizard lock Potions q - 2 uncursed potions of fruit juice m - an uncursed potion of invisibility i - a blessed potion of oil Gems/Stones H - an uncursed amber stone o - a cursed citrine stone F - an uncursed ruby z - an uncursed worthless piece of black glass w - an uncursed worthless piece of white glass I - an uncursed worthless piece of yellow glass A - an uncursed worthless piece of yellowish brown glass Pescepalla the Knight's attributes: Background: You were an Esquire, a level 4 female human Knight. You were lawful, nominally on a mission for Lugh who was opposed by Brigit (neutral) and Manannan Mac Lir (chaotic). You were in the Gnomish Mines, on level 5. You entered the dungeon 2263 turns ago. You had 153 experience points, 7 more were needed to attain level 5. Basics: You had 0 out of 37 hit points. You had all 31 energy points (spell power). Your armor class was 2. Your wallet contained 53 zorkmids. Autopickup was on for '$=?"/!%' plus thrown, with exceptions. Final Characteristics: Your strength was 13 (limit:18/100). Your dexterity was 9 (limit:18). Your constitution was 12 (limit:18). Your intelligence was 8 (limit:18). Your wisdom was 16 (limit:18). Your charisma was 18 (limit:18). Final Status: You were not hungry. You were burdened; movement was slightly slowed. You were wielding a long sword. You had basic skill with long sword. Final Attributes: You were piously aligned. You were telepathic. You could jump. You were warded. You are dead. Miscellaneous: You never encountered a bones level. Total elapsed playing time was 20 minutes and 31 seconds. Vanquished creatures: a rock mole a shrieker a gnome leader a floating eye 3 dwarves a kobold leader 2 rothes an iguana 2 coyotes 2 manes 9 gnomes a garter snake a gnome zombie a gecko 5 jackals a goblin 3 sewer rats 5 grid bugs 7 lichens 2 kobold zombies 7 newts 57 creatures vanquished. No species were genocided or became extinct. Voluntary challenges: You were an atheist. You were illiterate. You never engraved Elbereth. You never genocided any monsters. You never polymorphed an object. You never changed form. You used no wishes. Achievements: You attained the rank of Esquire. You entered a shop. You entered the Gnomish Mines. The Dungeons of Doom: levels 1 to 5 Level 1: A fountain. Level 2: Level 3: A fountain. Level 4: A general store, some fountains. Stairs down to The Gnomish Mines. Level 5: A fountain, a sink. The Gnomish Mines: Level 5: <- You were here. Final resting place for you, slipped while mounting a saddled horse called Rocinante. Game over: ---------- / \ / REST \ / IN \ / PEACE \ / \ | pescepalla | | 53 Au | | slipped while | | mounting a | | saddled horse | | called Rocinante | | 2022 | *| * * * | * _________)/\\_//(\/(/\)/\//\/|_)_______ Fare thee well pescepalla the Knight... You died in The Gnomish Mines on dungeon level 5 with 860 points, and 53 pieces of gold, after 2263 moves. You were level 4 with a maximum of 37 hit points when you died.